 Dungeon Crawl Stone Soup version 0.27-a0-789-g6bb3289e1e (webtiles) character file.

Game seed: 4227332253212019052

3390 kingj the Spear-Bearer (level 10, -17/74 HPs)
             Began as a Hill Orc Gladiator on Mar 27, 2021.
             Was a Priest of Nemelex Xobeh.
             Succumbed to a death drake's foul vapour
             ... in a bailey.
             The game lasted 00:28:14 (6870 turns).

kingj the Spear-Bearer (Hill Orc Gladiator)         Turns: 6870, Time: 00:28:14

Health: -17/74     AC: 15    Str: 18    XL:     10   Next: 4%
Magic:  5/10       EV: 12    Int:  8    God:    Nemelex Xobeh [***...]
Gold:   423        SH:  0    Dex: 15    Spells: 9/9 levels left

rFire    . . .     SeeInvis +   n - +8 trident of Bodily Humours {venom, +Blink rElec SInv}
rCold    . . .     Faith    .   (no shield)
rNeg     . . .     Spirit   +   F - +1 acid dragon scales
rPois    .         Reflect  .   t - +0 helmet
rElec    +         Harm     .   (no cloak)
rCorr    +         Rampage  .   i - +0 pair of gloves
Will     .....                  r - +0 pair of boots
Stlth    +.........             J - amulet of guardian spirit
HPRegen  0.22/turn              l - +4 ring of protection
MPRegen  0.12/turn              j - +4 ring of slaying

@: lethally poisoned (-17 -> -51), very slightly contaminated, slowed, invisible
(expiring), very slow
A: no striking features
a: Renounce Religion, Evoke Blink, Draw Escape, Draw Destruction, Draw
Summoning, Triple Draw


You were in a bailey.
You worshipped Nemelex Xobeh.
Nemelex Xobeh was most pleased with you.
You visited 1 branch of the dungeon, and saw 8 of its levels.
You also visited: Bailey.

You collected 1515 gold pieces.
You spent 1092 gold pieces at shops.

Inventory:

Hand Weapons
 f - a +1 short sword of venom
 n - the +8 trident of Bodily Humours (weapon) {venom, +Blink rElec SInv}
   (You acquired it on level 4 of the Dungeon)

   It poisons the flesh of those it strikes.
   It insulates you from electricity.
   It lets you see invisible.
   It lets you blink.
Missiles
 d - a curare-tipped dart
 k - 46 poisoned darts (quivered)
Armour
 b - a +0 leather armour
 i - a +0 pair of gloves (worn)
 r - a +0 pair of boots (worn)
 t - a +0 helmet (worn)
 F - +1 acid dragon scales (worn)
Jewellery
 a - an amulet of magic regeneration
 j - a +4 ring of slaying (left hand)
 l - a +4 ring of protection (right hand)
 J - an amulet of guardian spirit (around neck)
Wands
 h - a wand of flame (9)
 u - a wand of random effects (23)
 H - a wand of iceblast (1)
 I - a wand of polymorph (14)
Scrolls
 w - 2 scrolls of fog {unknown}
 x - a scroll of immolation {unknown}
 y - a scroll of amnesia
 z - 2 scrolls of teleportation {unknown}
 A - 2 scrolls of magic mapping {unknown}
 C - 2 scrolls of noise {unknown}
Potions
 c - a potion of mutation {unknown}
 e - 2 potions of haste
 g - 2 potions of resistance
 m - 2 potions of berserk rage {unknown}
 q - 2 potions of curing
 B - a potion of lignification
 D - a potion of heal wounds {unknown}


   Skills:
 - Level 2.4 Fighting
 - Level 4.8 Long Blades
 + Level 12.5 Polearms
 - Level 2.7 Throwing
 + Level 4.2 Armour
 + Level 3.4 Dodging
 * Level 3.1 Evocations


You had 9 spell levels left.
You didn't know any spells.
Your spell library contained the following spells:

 Spells                   Type           Power      Damage    Failure   Level
 Corona                   Hex            0%         N/A       50%         1
 Summon Small Mammal      Summ           0%         N/A       50%         1
 Call Imp                 Summ           0%         N/A       65%         2
 Ensorcelled Hibernation  Hex/Ice        0%         N/A       65%         2
 Call Canine Familiar     Summ           0%         N/A       86%         3
 Confusing Touch          Hex            0%         N/A       86%         3
 Dazzling Flash           Conj/Hex       0%         N/A       86%         3
 Gell's Gravitas          Tloc           0%         N/A       86%         3
 Summon Guardian Golem    Hex/Summ       0%         N/A       86%         3
 Tukima's Dance           Hex            0%         N/A       86%         3
 Petrify                  Tmut/Erth      0%         N/A       99%         4
 Summon Ice Beast         Ice/Summ       0%         N/A       99%         4
 Summon Lightning Spire   Summ/Air       0%         N/A       99%         4
 Metabolic Englaciation   Hex/Ice        0%         N/A       100%        5
 Yara's Violent Unravell  Hex/Tmut       0%         3d3       100%        5


Dungeon Overview and Level Annotations

Branches:
Dungeon (8/15)             Temple (0/1) D:5          Bailey (1/1)
   Lair: D:8-11

Altars:
Fedhas
Nemelex Xobeh

Shops:
D:1 =


Message History

You puncture the jelly!
The jelly is poisoned.
Your hands burn!
The jelly is severely wounded.
You hit the jelly.
The jelly looks as sick as possible!
Your hands burn!
* * * LOW HITPOINT WARNING * * *
The jelly is almost dead.
You kill the jelly!
The orc returns to its original shape as it dies.
Reach: n) +8 trident of Bodily Humours {venom, +Blink rElec SInv}
Press: ? - help, Dir - move target, f/p - death drake
Aim: a death drake (misshapen and mutated, about 35% to evade the +8 trident of Bodily Humours)
You reach to attack!
You catch the helpless death drake completely off-guard!
You puncture the death drake!
The death drake is moderately wounded.
You closely miss the death drake.
The death drake is moderately wounded.
The death drake breathes miasma at you. The foul vapour misses you.
You hit the death drake.
The death drake is moderately wounded.
You are engulfed in dark miasma.
You are poisoned.
You feel as though you will be slow longer.
* * * LOW HITPOINT WARNING * * *
You feel extremely sick. The death drake closely misses you.
The death drake bites you but does no damage.
Blink to where?
Press: ? - help, Dir - move target, p - death drake
As you read the scroll of blinking, it crumbles to dust.
You feel sick.
You feel better. The death drake breathes miasma at you.
The foul vapour engulfs you.
You are lethally poisoned!
* * * LOW HITPOINT WARNING * * *
You blink.
You flicker for a moment.
You die...
Your body disappears without a glow.

#### ####### ### ..)##
##.....######## ....
)...######.......#.....#.....
).).#....#.......'...!)'.....
.)))'....°°°°°..@).).))))o..o
...)#....#°°○°k°.†...).))....
.).)######°°°....#.....#)....
..)## ##.....######## ....
#### ####### ###


You could see a death drake (catching breath, misshapen).

Vanquished Creatures
  Joseph (D:7)
  Maggie (D:6)
  A hornet (D:7)
  6 orc warriors
  A sky beast (D:8)
  A necrophage (D:7)
  A black bear (D:6)
  3 ogres
  A centaur (D:8)
  3 phantoms
  A gnoll sergeant (D:8)
  A wyvern skeleton (D:5)
  2 scorpions
  A bullfrog zombie (D:6)
  2 jellies
  5 hounds
  2 orc priests
  2 bullfrog skeletons
  Jessica (D:2)
  4 iguanas
  3 orc wizards
  A howler monkey zombie (D:8)
  6 gnolls
  A howler monkey skeleton (D:7)
  6 adders
  3 shadow imps
  A white imp (D:7)
  An adder skeleton (D:4)
  A dart slug (D:3)
  40 orcs
  4 bats
  An endoplasm (D:1)
  4 giant cockroaches
  7 goblins
  8 hobgoblins
  8 jackals
  10 kobolds
  7 ball pythons
  2 frilled lizards
  5 rats
159 creatures vanquished.

Vanquished Creatures (collateral kills)
  A centaur (D:7)
  A kobold brigand (D:7)
  A kobold (D:7)
3 creatures vanquished.

Grand Total: 162 creatures vanquished

Notes
Turn   | Place    | Note
-------+----------+-------------------------------------------
     0 | D:1      | kingj the Hill Orc Gladiator began the quest for the Orb.
     0 | D:1      | Reached XP level 1. HP: 18/18 MP: 1/1
   203 | D:1      | Reached XP level 2. HP: 19/25 MP: 2/2
   347 | D:1      | Found Miruacli's Jewellery Shop.
   636 | D:1      | Reached skill level 1 in Armour
   710 | D:1      | Reached XP level 3. HP: 30/30 MP: 3/3
  1062 | D:2      | Noticed Jessica
  1064 | D:2      | Found a sparkling altar of Nemelex Xobeh.
  1065 | D:2      | Found a blossoming altar of Fedhas.
  1071 | D:2      | Killed Jessica
  1104 | D:2      | Reached XP level 4. HP: 37/37 MP: 4/4
  1360 | D:2      | Became a worshipper of Nemelex Xobeh the Trickster
  2338 | D:2      | Reached XP level 5. HP: 29/42 MP: 5/5
  3019 | D:3      | Identified a scroll of acquirement
  3119 | D:1      | Acquired 1148 gold pieces
  3131 | D:1      | Bought a +4 ring of slaying for 1092 gold pieces
  3247 | D:4      | Acquired the +8 trident of Bodily Humours {venom, +Blink
                  | rElec SInv}
  3330 | D:4      | Reached XP level 6. HP: 50/50 MP: 6/6
  3405 | D:4      | Reached skill level 2 in Polearms
  3877 | D:5      | Entered Level 5 of the Dungeon
  3877 | D:5      | Reached * piety under Nemelex Xobeh
  3890 | D:5      | Reached skill level 3 in Polearms
  3960 | D:5      | Received a gift from Nemelex Xobeh
  3974 | D:5      | Reached skill level 4 in Polearms
  3974 | D:5      | Reached XP level 7. HP: 56/56 MP: 7/7
  4011 | D:5      | Found a staircase to the Ecumenical Temple.
  4113 | D:5      | Reached skill level 5 in Polearms
  4382 | D:5      | Received a gift from Nemelex Xobeh
  4666 | D:6      | Noticed Maggie
  4676 | D:6      | Killed Maggie
  4677 | D:6      | Reached skill level 7 in Polearms
  4677 | D:6      | Reached XP level 8. HP: 43/62 MP: 8/8
  4783 | D:6      | Reached skill level 8 in Polearms
  4890 | D:6      | Reached ** piety under Nemelex Xobeh
  4995 | D:6      | Reached skill level 9 in Polearms
  5327 | D:7      | Reached skill level 10 in Polearms
  5334 | D:7      | Noticed Joseph
  5350 | D:7      | Killed Joseph
  5351 | D:7      | Reached XP level 9. HP: 28/68 MP: 9/9
  5704 | D:7      | Reached skill level 11 in Polearms
  5727 | D:7      | Received a gift from Nemelex Xobeh
  5733 | D:7      | Noticed a hornet
  5739 | D:7      | Killed a hornet
  5740 | D:7      | Reached skill level 1 in Evocations
  6158 | D:7      | Reached *** piety under Nemelex Xobeh
  6591 | D:8      | Reached skill level 12 in Polearms
  6608 | D:8      | Found a flagged portal.
  6634 | Bailey   | Entered a bailey
  6836 | Bailey   | Noticed an orc knight
  6837 | Bailey   | Noticed an orc knight
  6838 | Bailey   | Reached XP level 10. HP: 59/74 MP: 8/10
  6842 | Bailey   | Noticed an orc knight
  6849 | Bailey   | an orc knight changed into a rime drake
  6849 | Bailey   | Noticed a death drake
  6849 | Bailey   | an orc knight changed into a death drake
  6849 | Bailey   | Noticed a death drake
  6849 | Bailey   | an orc knight changed into a death drake
  6870 | Bailey   | Succumbed to a death drake's foul vapour

Illustrated notes

Levels and vault maps discovered:
D:1:      minmay_arrival_nine_rooms, layout_loops_ring, serial_shops,
          nicolae_shop_crystal
D:2:      layout_basic, grunt_temple_overflow_open, hangedman_feature_mirror,
          minmay_misc_feat_ornament, uniq_jessica
D:3:      layout_loops_ring
D:4:      layout_loops_ring
D:5:      layout_cave_pools, minmay_temple_entry_drinking_statues,
          chequers_hall_statues_y, st_stairs_4
D:6:      layout_cave_pools, grunt_ministairs_10, minmay_statues_item,
          uniq_maggie
D:7:      layout_cave_pools, corner_web_ring, chequers_serial_rivers_marsh,
          uniq_joseph
D:8:      layout_rooms, enter_bailey_5, ebering_ghost_inner_flame
Bailey:   bailey_polearm_5, bailey

Skill      XL: |  1  2  3  4  5  6  7  8  9 10 |
---------------+-------------------------------+-----
Throwing       | 2 |  2.7
Armour         | 1 2 3 4 |  4.2
Long Blades    | 4 |  4.8
Dodging        | 3 |  3.4
Polearms       | 4 7 10 12 | 12.5
Evocations     | 2 3 |  3.1
Fighting       | |  2.4

Action                   |  1- 3 |  4- 6 |  7- 9 | 10-12 || total
-------------------------+-------+-------+-------+-------++-------
Melee: Long sword        |    51 |    85 |       |       ||   136
       Short sword       |       |    17 |       |       ||    17
       Trident           |       |    24 |   189 |    13 ||   226
Throw: Throwing net      |       |     1 |     2 |       ||     3
Invok: Draw Destruction  |       |       |     3 |     2 ||     5
       Draw Escape       |       |       |     1 |       ||     1
       Draw Summoning    |       |       |     1 |       ||     1
 Abil: Evoke Blink       |       |       |       |     2 ||     2
Evoke: Wand              |       |       |     3 |     4 ||     7
  Use: Scroll            |     3 |     4 |     5 |     2 ||    14
       Potion            |       |     2 |     1 |     3 ||     6
 Stab: Sleeping          |     1 |       |       |       ||     1
       Held in net/web   |       |       |     1 |       ||     1
       Invisible         |       |       |       |     1 ||     1
Armor: Leather armour    |     8 |    53 |     4 |       ||    65
       Acid dragon scale |       |       |    48 |     4 ||    52
Dodge: Dodged            |    38 |    83 |    70 |     5 ||   196
       Rpst.: Long sword |     9 |    13 |       |       ||    22

Table legend: (Time is in decaauts)
 A = Elapsed time spent in this place.
 B = Non-inter-level travel time spent in this place.
 C = Inter-level travel time spent in this place.
 D = Time resting spent in this place.
 E = Time spent auto-exploring this place.
 F = Levels seen in this place.
 G = Mean time per level.
                   A        B        C        D        E       F      G
               +--------+--------+--------+--------+--------+-----+--------+
         Total |   6871 |   6532 |    339 |   1059 |   4101 |   9 |  763.4 |
       Dungeon |   6639 |   6300 |    339 |    966 |   4086 |   8 |  829.9 |
        Bailey |    232 |    232 |      0 |     93 |     15 |   1 |  232.0 |
               +--------+--------+--------+--------+--------+-----+--------+

Top non-repeatable levels by time:
     D:2: 1620 daAuts
     D:7: 1202 daAuts
     D:1: 1065 daAuts
     D:6: 742 daAuts
     D:5: 690 daAuts
     D:4: 679 daAuts
     D:3: 531 daAuts
  Bailey: 232 daAuts
     D:8: 108 daAuts
